 Dungeon Crawl Stone Soup version 0.27-a0-1060-gcb85b5eba1 (webtiles) character file.

Game seed: 17471079968995878790

17919 tilp the Slicer (level 12, -20/67 HPs)
             Began as a Vine Stalker Brigand on Apr 21, 2021.
             Was an Elder of Uskayaw.
             Demolished by a very large slime creature (45 damage)
             ... on level 12 of the Dungeon.
             The game lasted 00:24:11 (10832 turns).

tilp the Slicer (Vine Stalker Brigand)             Turns: 10832, Time: 00:24:12

Health: -20/67     AC: 16    Str: 14    XL:     12   Next: 53%
Magic:  0/15       EV: 17    Int: 11    God:    Uskayaw [****..]
Gold:   487        SH:  5    Dex: 21    Spells: 11/11 levels left

rFire    . . .     SeeInvis .   a - +5 dagger (elec)
rCold    . . .     Faith    .   T - +1 buckler "Surid" {rElec}
rNeg     + . .     Spirit   +   g - +0 chain mail
rPois    +         Reflect  .   o - +1 helmet
rElec    +         Harm     .   S - +0 cloak {Stlth+}
rCorr    .         Rampage  .   M - +1 pair of gloves
Will     +....                  B - +0 pair of boots
Stlth    +++.......             (no amulet)
HPRegen  1.21/turn              A - ring "Nahoren" {rPois rN+ EV+4}
MPRegen  0.14/turn              L - +4 ring of evasion

@: no status effects
A: fangs 3, regeneration 1, magic shield, antimagic bite, no potion heal 2
a: Renounce Religion, Stomp, Line Pass


You were on level 12 of the Dungeon.
You worshipped Uskayaw.
Uskayaw was noncommittal.
You visited 2 branches of the dungeon, and saw 13 of its levels.
You also visited: Ossuary.

You collected 968 gold pieces.
You spent 481 gold pieces at shops.

Inventory:

Hand Weapons
 a - a +5 dagger of electrocution (weapon)
 b - a +2 rapier of draining
 t - a +2 dagger
Missiles
 d - 25 poisoned darts (quivered)
 e - 2 curare-tipped darts {!f}
 j - 5 throwing nets {!f}
 q - 19 boomerangs
Armour
 c - a +1 cloak
 g - a +0 chain mail (worn)
 o - a +1 helmet (worn)
 p - a +0 scale mail
 x - a +0 tower shield
 B - a +0 pair of boots (worn)
 M - a +1 pair of gloves (worn)
 S - a +0 cloak of stealth (worn)
 T - the +1 buckler "Surid" (worn) {rElec}
   (You bought it in a shop on level 12 of the Dungeon)

   It insulates you from electricity.
Jewellery
 n - a ring of see invisible
 r - a ring of ice
 A - the ring "Nahoren" (left hand) {rPois rN+ EV+4}
   (You acquired it on level 5 of the Dungeon)

   [ring of evasion]

   It affects your evasion (+4).
   It protects you from poison.
   It protects you from negative energy.
 L - a +4 ring of evasion (right hand)
Wands
 f - a wand of mindburst (16)
 w - a wand of flame (13)
 y - a wand of acid (27)
 K - a wand of paralysis (8)
 R - a wand of charming (10)
Scrolls
 h - 2 scrolls of vulnerability
 m - 7 scrolls of teleportation
 F - 2 scrolls of silence
 J - 2 scrolls of immolation
 O - a scroll of magic mapping
 P - 4 scrolls of fog
 Q - a scroll of torment {unknown}
 U - a scroll of fear {unknown}
Potions
 i - 8 potions of curing
 k - a potion of resistance
 l - 4 potions of haste
 s - 2 potions of brilliance
 u - 2 potions of lignification
 v - 3 potions of attraction
 z - a potion of magic
 C - 2 potions of ambrosia
 D - a potion of degeneration {unknown}
 E - a potion of might {unknown}
 G - 2 potions of mutation
 H - 2 potions of flight
 I - 2 potions of berserk rage
Miscellaneous
 N - a condenser vane (inert)


   Skills:
 - Level 10.0 Fighting
 - Level 10.0 Short Blades
 - Level 1.7 Throwing
 - Level 4.0 Armour
 - Level 8.0 Dodging
 - Level 10.0 Stealth
 + Level 3.0 Invocations
 - Level 4.0 Evocations


You had 11 spell levels left.
You didn't know any spells.
Your spell library contained the following spells:

 Spells                   Type           Power      Damage    Failure   Level
 Animate Skeleton         Necr           0%         N/A       100%        1
 Apportation              Tloc           0%         N/A       100%        1
 Corona                   Hex            0%         N/A       100%        1
 Sandblast                Erth           0%         2d4       100%        1
 Summon Small Mammal      Summ           0%         N/A       100%        1
 Passwall                 Tmut/Erth      0%         N/A       100%        2
 Confusing Touch          Hex            0%         N/A       100%        3
 Gell's Gravitas          Tloc           0%         N/A       100%        3
 Stone Arrow              Conj/Erth      0%         3d7       100%        3
 Petrify                  Tmut/Erth      0%         N/A       100%        4
 Bolt of Magma            Conj/Fire/Erth 0%         4d4       100%        5
 Iskenderun's Battlesphe  Conj           0%         2d6       100%        5
 Lee's Rapid Deconstruct  Erth           0%         3d5*      100%        5
 Metabolic Englaciation   Hex/Ice        0%         N/A       100%        5
 Yara's Violent Unravell  Hex/Tmut       0%         3d3       100%        5
 Iron Shot                Conj/Erth      0%         9d1       100%        6
 Orb of Destruction       Conj           0%         N/A       100%        7
 Spellforged Servitor     Conj/Summ      0%         N/A       100%        7


Dungeon Overview and Level Annotations

Branches:
Dungeon (12/15)            Temple (1/1) D:6            Lair (0/6) D:11
    Orc (0/2) D:10        Ossuary (visited)

Altars:
Ashenzari
Cheibriados
Dithmenos
Elyvilon
Fedhas
Gozag
Hepliaklqana
Kikubaaqudgha
Makhleb
Nemelex Xobeh
Okawaru
Qazlal
Ru
Sif Muna
Trog
Uskayaw
Vehumet
Wu Jian
Xom
Yredelemnul
Zin
The Shining One

Shops:
D:12 *

Annotations:
D:6 1 runed translucent door, Lanoc's ghost, novice DsAr


Innate Abilities, Weirdness & Mutations

You have razor-sharp teeth.
Your natural rate of healing is unusually fast.
When hurt, damage is shared between your health and your magic reserves.
Your bite disrupts and absorbs the magic of your enemies.
Potions cannot restore your health.


Message History

The titanic slime creature is almost dead.
Uskayaw will force your foes to share their pain.
Uskayaw links your audience in an emotional bond!
You hit the titanic slime creature. You bite the titanic slime creature!
You drain its power.
The titanic slime creature is almost dead.
The titanic slime creature hits you!!!
Ouch! That really hurt!
* * * LOW HITPOINT WARNING * * *
You are too injured to fight recklessly!
Unknown command.
The titanic slime creature is no longer sharing its pain.
Aiming: Corrosive Bolt
Press: ? - help, Shift-Dir - straight line, f - titanic slime creature
Aim: a titanic slime creature (almost dead, 94% to hit)
The bolt of acid hits the titanic slime creature!!
The titanic slime creature is splashed with acid.
The acid corrodes the titanic slime creature!
The titanic slime creature is almost dead.
The slime creature is no longer sharing its pain. x2
Two slime creatures merge to form a large slime creature.
The titanic slime creature misses you.
Unknown command.
Unknown command.
You hit the titanic slime creature.
Lightning courses through the titanic slime creature!
You kill the titanic slime creature!
Two slime creatures merge to form a very large slime creature.
Your Invocations skill gained 3 levels and is now at level 3!
Unknown command.
Unknown command.
The very large slime creature is no longer sharing its pain.
You block the very large slime creature's attack.
You hit the very large slime creature.
Lightning courses through the very large slime creature!!
You bite the very large slime creature, but do no damage.
The very large slime creature is lightly wounded.
The very large slime creature hits you!!!
Ouch! That really hurt!
You die...

### #.# ## ##.###.#
#..#...## # ## #...#
...># #. ##...# #...#
# #.##.# #..## ##
#@##.# ##...#####.
#J###.###.........#
#.. ##.#..##.....##
#.# #..####..#..## ..
###.## ##...### ...
#...## #....##.
.......##..####.......
.^...## ##..##..###...
##....###....


You could see a very large slime creature.

Vanquished Creatures
  Fannar (D:10)
  Harold (D:7)
  4 two-headed ogres
  An orb spider (shapeshifter) (D:9)
  An ugly thing (D:11)
  A manticore (D:11)
  A cyclops (D:11)
  Grinder (D:4)
  A troll (D:10)
  2 slime creatures (D:12)
  A shadow (D:11)
  Sigmund (D:2)
  2 wyverns
  A wraith (D:9)
  17 yaks
  A steam dragon (D:9)
  Eustachio (D:4)
  7 vampire mosquitoes
  2 water moccasins
  Duvessa (D:5)
  3 ice beasts
  10 orc warriors
  4 black bears
  4 ogres
  2 centaurs
  2 phantoms
  2 kobold brigands (D:10)
  5 bullfrogs
  2 gnoll sergeants (D:10)
  14 scorpions
  A water moccasin zombie (D:6)
  A wyvern skeleton (D:7)
  Dowan (D:5)
  2 howler monkeys (D:9)
  8 wights
  3 vampire bats (D:8)
  A bullfrog zombie (D:6)
  4 centaur zombies
  A centaur skeleton (D:4)
  A human zombie (Ossuary)
  3 jellies
  12 orc priests
  4 hounds
  A bullfrog skeleton (D:5)
  A gnoll shaman (D:4)
  Jessica (D:2)
  4 iguanas
  9 orc wizards
  5 scorpion zombies (Ossuary)
  4 mummies
  Robin (D:3)
  A howler monkey zombie (D:7)
  18 gnolls
  5 adders
  A white imp (D:5)
  2 worms
  A dart slug (D:2)
  24 orcs
  7 ball pythons
  6 bats
  2 bat skeletons (D:8)
  4 bat zombies (D:8)
  9 endoplasms
  A giant cockroach (D:3)
  A gnoll zombie (Ossuary)
  14 goblins
  9 hobgoblins
  13 jackals
  8 quokkas
  5 frilled lizards
  A goblin zombie (Ossuary)
  7 hobgoblin zombies
  6 kobolds
  2 kobold zombies
  3 orc zombies
  3 rats
  A toadstool (D:11)
318 creatures vanquished.

Vanquished Creatures (others)
  19 fungi (D:11)
  14 plants (D:11)
  5 toadstools (D:11)
38 creatures vanquished.

Grand Total: 356 creatures vanquished

Notes
Turn   | Place    | Note
-------+----------+-------------------------------------------
     0 | D:1      | tilp the Vine Stalker Brigand began the quest for the Orb.
     0 | D:1      | Reached XP level 1. HP: 11/11 MP: 2/2
   184 | D:1      | Reached XP level 2. HP: 15/15 MP: 1/3
   492 | D:1      | Found a faded altar of an unknown god.
   588 | D:1      | Reached XP level 3. HP: 19/19 MP: 4/4
  1357 | D:2      | Noticed Jessica
  1371 | D:2      | Killed Jessica
  1372 | D:2      | Gained mutation: Your natural rate of healing is unusually
                  | fast. [Vine Stalker growth]
  1372 | D:2      | Reached XP level 4. HP: 3/24 MP: 0/5
  1909 | D:2      | Noticed Sigmund
  1924 | D:2      | Killed Sigmund
  1925 | D:2      | Reached skill level 1 in Dodging
  1925 | D:2      | Reached XP level 5. HP: 29/29 MP: 4/6
  1925 | D:2      | Reached XP level 6. HP: 33/33 MP: 4/7
  2310 | D:3      | Noticed Robin
  2332 | D:3      | Killed Robin
  3051 | D:4      | Noticed Eustachio
  3066 | D:4      | Killed Eustachio
  3067 | D:4      | Reached skill level 5 in Short Blades
  3067 | D:4      | Reached XP level 7. HP: 34/37 MP: 5/8
  3190 | D:4      | Noticed Grinder
  3210 | D:3      | Reached skill level 5 in Stealth
  3270 | D:4      | Paralysed by Grinder for 2 turns
  3291 | D:4      | Killed Grinder
  3292 | D:4      | Gained mutation: You have razor-sharp teeth. [Vine Stalker
                  | growth]
  3292 | D:4      | Reached XP level 8. HP: 40/42 MP: 9/9
  3885 | D:5      | Entered Level 5 of the Dungeon
  3961 | D:5      | Noticed Duvessa
  3961 | D:5      | Noticed Dowan
  3973 | D:5      | Killed Dowan
  3974 | D:5      | Killed Duvessa
  4466 | D:5      | Reached skill level 1 in Evocations
  4727 | D:5      | Identified a scroll of acquirement
  4727 | D:5      | Acquired the ring "Nahoren" {rPois rN+ EV+4}
  4817 | D:6      | Found a sand-covered staircase.
  4822 | Ossuary  | Entered an ossuary
  4884 | Ossuary  | Reached XP level 9. HP: 45/45 MP: 10/10
  5477 | D:6      | Found a runed translucent door.
  5484 | D:6      | Reached skill level 10 in Short Blades
  5533 | D:6      | Noticed Lanoc's ghost (novice DsAr)
  5607 | D:6      | Found a staircase to the Ecumenical Temple.
  5631 | Temple   | Entered the Ecumenical Temple
  5850 | D:6      | Found an ornate altar of the Wu Jian Council.
  5994 | D:6      | Reached skill level 1 in Armour
  6213 | D:7      | Reached XP level 10. HP: 51/51 MP: 11/11
  6375 | D:7      | Noticed Harold
  6390 | D:7      | Killed Harold
  6391 | D:7      | Reached skill level 5 in Fighting
  6648 | D:7      | Found a burning altar of Makhleb.
  6762 | D:7      | Found a glowing golden altar of the Shining One.
  7194 | D:8      | Found an ancient bone altar of Kikubaaqudgha.
  7851 | D:9      | Noticed a two-headed ogre
  7853 | D:9      | Noticed a two-headed ogre
  7867 | D:8      | Killed a two-headed ogre
  8116 | D:9      | Killed a two-headed ogre
  8117 | D:9      | Reached XP level 11. HP: 20/56 MP: 3/12
  8351 | D:9      | Reached skill level 5 in Dodging
  8538 | D:9      | Noticed an orb spider
  8538 | D:9      | a golden eye changed into an orb spider
  8560 | D:9      | Killed an orb spider
  8561 | D:9      | Reached skill level 10 in Stealth
  8648 | D:9      | Found a bloodstained altar of Trog.
  8648 | D:9      | Found a shadowy altar of Dithmenos.
  8648 | D:9      | Found a glowing silver altar of Zin.
  8649 | D:9      | Found an iron altar of Okawaru.
  8884 | D:10     | Entered Level 10 of the Dungeon
  8943 | D:10     | Found a staircase to the Orcish Mines.
  9098 | D:10     | Noticed Fannar
  9109 | D:10     | Killed Fannar
  9300 | D:10     | Found an opulent altar of Gozag.
  9348 | D:10     | Found a hide-covered altar of Uskayaw.
  9356 | D:10     | Became a worshipper of Uskayaw the Reveller
  9372 | D:10     | Reached * piety under Uskayaw
  9658 | D:11     | Found a staircase to the Lair.
  9659 | D:11     | Noticed a cyan ugly thing
  9683 | D:11     | Reached ** piety under Uskayaw
  9685 | D:11     | Reached *** piety under Uskayaw
  9686 | D:11     | Reached XP level 12. HP: 63/65 MP: 13/13
  9701 | D:11     | Reached **** piety under Uskayaw
  9707 | D:11     | Reached ***** piety under Uskayaw
 10066 | D:11     | Noticed a two-headed ogre
 10078 | D:11     | Killed a two-headed ogre
 10532 | D:12     | Found Huabidd's Assorted Antiques.
 10559 | D:12     | Bought a runed cloak for 165 gold pieces
 10559 | D:12     | Bought a shimmering buckler for 209 gold pieces
 10559 | D:12     | Identified the +1 buckler "Surid" {rElec} (You bought it in
                  | a shop on level 12 of the Dungeon)
 10559 | D:12     | Bought a potion of curing for 66 gold pieces
 10559 | D:12     | Bought a bubbling pink potion for 19 gold pieces
 10559 | D:12     | Bought a scroll labelled YSAMNU XEDO for 22 gold pieces
 10662 | D:12     | Noticed a two-headed ogre
 10669 | D:12     | Killed a two-headed ogre
 10808 | D:12     | Reached skill level 10 in Fighting
 10832 | D:12     | Demolished by a very large slime creature

Illustrated notes

Levels and vault maps discovered:
D:1:      dpeg_arrival_simpleton_c, layout_basic,
          hellmonk_ecumenical_altar_dog_temple, st_stairs_8, dk_noncrumbling_4
D:2:      layout_basic, minmay_circled_x, uniq_sigmund, uniq_jessica
D:3:      layout_loops_ring, corner_web_ring, serial_park_tiny_1, st_stairs_7,
          uniq_robin
D:4:      layout_rooms, kennysheep_cross_room, uniq_grinder, uniq_eustachio
D:5:      layout_gridville, small_statue_intersection, grunt_ministairs_9,
          chequers_serial_rivers_micro_b, minmay_mini_ossuary, uniq_duvessa
D:6:      layout_loops_ring, nzn_wu_jian_council_hall,
          minmay_temple_entry_stoned_glass, nicolae_ossuary_entry_plus,
          hellmonk_ghost_happy_afterlife, hangedman_decor_diamond_cutter
D:7:      layout_gridville, tso_oasis_becter, lightli_temple_of_fire,
          chequers_serial_rivers_small_3, minmay_misc_feat_chi, uniq_harold
D:8:      layout_gridville, kennysheep_vampire_church
D:9:      layout_rooms, chequers_temple_overflow_statue_of_worship,
          hangedman_abyss_or_decor_jellyfish_corner
D:10:     layout_rooms, nicolae_uskayaw_murder_on_the_dancefloor,
          general_overflow_altar, kennysheep_orc_monster_closet_entryway,
          uniq_fannar
D:11:     layout_irregular_city, due_lair_maze_entry_diamond,
          minmay_gold_behind_fungi
D:12:     layout_layer_cave, serial_shops, shop, shop
Temple:   nicolae_temple_x_marks_the_god

Skill      XL: |  1  2  3  4  5  6  7  8  9 10 11 12 |
---------------+-------------------------------------+-----
Fighting       | 2 3 4 6 8 10 | 10.0
Short Blades   | 2 3 4 5 6 8 10 | 10.0
Dodging        | 1 2 4 6 8 |  8.0
Stealth        | 6 9 10 | 10.0
Evocations     | 2 4 |  4.0
Armour         | 1 4 |  4.0
Invocations    | 3 |  3.0
Throwing       | |  1.7

Action                   |  1- 3 |  4- 6 |  7- 9 | 10-12 || total
-------------------------+-------+-------+-------+-------++-------
Melee: Dagger            |   127 |   135 |   322 |   540 ||  1124
       Bite              |    25 |    37 |   111 |   212 ||   385
Throw: Dart              |     3 |     5 |     9 |    14 ||    31
       Throwing net      |       |       |     1 |     1 ||     2
Evoke: Wand              |       |       |       |    13 ||    13
       Condenser vane    |       |       |       |     1 ||     1
  Use: Scroll            |     1 |     6 |     9 |    11 ||    27
 Stab: Sleeping          |     4 |     6 |     3 |     2 ||    15
       Distracted        |       |     3 |       |       ||     3
       Paralysed         |       |       |       |     8 ||     8
Armor: Ring mail         |    44 |    32 |       |       ||    76
       Robe              |     3 |       |       |       ||     3
       Scale mail        |       |     7 |    26 |       ||    33
       Chain mail        |       |       |    57 |   103 ||   160
Dodge: Dodged            |    52 |    64 |   100 |   222 ||   438
Block: Buckler           |       |       |       |     4 ||     4

Table legend: (Time is in decaauts)
 A = Elapsed time spent in this place.
 B = Non-inter-level travel time spent in this place.
 C = Inter-level travel time spent in this place.
 D = Time resting spent in this place.
 E = Time spent auto-exploring this place.
 F = Levels seen in this place.
 G = Mean time per level.
                   A        B        C        D        E       F      G
               +--------+--------+--------+--------+--------+-----+--------+
         Total |  10391 |   9775 |    616 |    883 |   6928 |  14 |  742.2 |
       Dungeon |   9980 |   9372 |    608 |    883 |   6685 |  12 |  831.7 |
        Temple |     58 |     50 |      8 |      0 |     50 |   1 |   58.0 |
       Ossuary |    352 |    352 |      0 |      0 |    193 |   1 |  352.0 |
               +--------+--------+--------+--------+--------+-----+--------+

Top non-repeatable levels by time:
     D:1: 1296 daAuts
     D:3: 982 daAuts
     D:7: 931 daAuts
     D:8: 909 daAuts
     D:4: 850 daAuts
     D:6: 841 daAuts
     D:5: 807 daAuts
    D:11: 805 daAuts
     D:9: 788 daAuts
     D:2: 778 daAuts
    D:10: 684 daAuts
 Ossuary: 352 daAuts
    D:12: 303 daAuts
  Temple: 58 daAuts
